General information
- name: BNet
- type: Ladder 1vs1/FFA
- host: Battle.net
- saver: Damn_SpiderRush
map: TurtleRock
- players: 2
- length: 43:14
- speed: Fast
- version: 1.21 W3XP
- replay type: Public
» download(127 KB)
Players
team 1 (loser)
0423281517 (
yellow | 31 APM | 1326 actions | 43:13)
6 Far Seer
3 Feral Spirit
2 Chain Lighting
1 Earth Quake
2 Shadow Hunter
1 Healing Wave
1 Hex
» actions
| Basic commands | 246 | |
| Build / train | 192 | |
| Enter build submenu | 41 | |
| Enter hero's abilities submenu | 8 | |
| Right click | 241 | |
| Select / deselect | 507 | |
| Use ability | 91 | |
1326 total
» units
| Peon | 70 | |
| Troll Headhunter/Berserker | 82 | |
| Demolisher | 10 | |
162 total
» upgrades
| Ranged Weapons | 3 | |
| Armor | 3 | |
| Spiked Barricades | 3 | |
| Troll Regeneration | 1 | |
| Berserker Upgrade | 1 | |
| Burning Oil | 1 | |
| Pillage | 1 | |
| Backpack | 1 | |
| Reinforced Defenses | 1 | |
| Melee Weapons | 1 | |
16 total
» buildings
| Altar of Storms | 1 | |
| Orc Burrow | 9 | |
| War Mill | 1 | |
| Barracks | 3 | |
| Voodoo Lounge | 2 | |
| Watch Tower | 13 | |
| Stronghold | 1 | |
| Great Hall | 7 | |
| Fortress | 1 | |
38 total
» build order
00:05 Altar of Storms
00:26 Orc Burrow
00:43 War Mill
01:20 Barracks
02:10 Barracks
02:22 Orc Burrow
02:49 Orc Burrow
06:47 Voodoo Lounge
06:55 Orc Burrow
06:59 Orc Burrow
07:15 Watch Tower
07:16 Watch Tower
07:28 Voodoo Lounge
08:16 Watch Tower
08:26 Watch Tower
10:08 Stronghold
12:39 Great Hall
12:43 Fortress
13:42 Watch Tower
13:46 Watch Tower
14:13 Watch Tower
14:14 Watch Tower
14:17 Watch Tower
18:18 Watch Tower
18:47 Barracks
19:17 Orc Burrow
20:16 Watch Tower
23:38 Watch Tower
27:00 Great Hall
27:07 Great Hall
27:12 Orc Burrow
27:32 Orc Burrow
27:38 Orc Burrow
29:38 Great Hall
31:24 Great Hall
32:45 Great Hall
36:31 Great Hall
38:15 Watch Tower
» items
| Healing Salve | 1 | |
| Orb of Lightning | 1 | |
2 total
team 2 (winner)
Damn_SpiderRush (
red | 89 APM | 3838 actions | 43:14)
9 Blood Mage
3 Banish
3 Siphon Mana
1 Summon Phoenix
2 Flame Strike
6 Mountain King
3 Storm Bolt
1 Bash
1 Thunder Clap
1 Avatar
» actions
| Assign group hotkey | 41 | |
| Basic commands | 166 | |
| Build / train | 138 | |
| ESC pressed | 8 | |
| Enter build submenu | 45 | |
| Enter hero's abilities submenu | 17 | |
| Give item / drop item | 9 | |
| Remove unit from queue | 1 | |
| Right click | 2053 | |
| Select / deselect | 777 | |
| Select group hotkey | 371 | |
| Use ability | 212 | |
3838 total
» units
» upgrades
| Masonry | 3 | |
| Storm Hammers | 1 | |
| Swords | 3 | |
| Armor | 3 | |
| Cloud | 1 | |
11 total
» buildings
| Altar of Kings | 1 | |
| Farm | 8 | |
| Lumber Mill | 3 | |
| Scout Tower | 82 | |
| Arcane Tower | 1 | |
| Guard Tower | 31 | |
| Arcane Vault | 1 | |
| Keep | 1 | |
| Castle | 1 | |
| Gryphon Aviary | 2 | |
| Blacksmith | 1 | |
| Town Hall | 3 | |
135 total
» build order
00:03 Altar of Kings
00:35 Farm
00:56 Lumber Mill
01:20 Farm
01:38 Scout Tower
02:02 Farm
02:06 Arcane Tower
02:08 Scout Tower
02:23 Guard Tower
02:34 Scout Tower
02:59 Guard Tower
03:03 Scout Tower
03:17 Guard Tower
03:20 Scout Tower
03:23 Scout Tower
03:40 Guard Tower
03:44 Scout Tower
03:45 Scout Tower
03:47 Scout Tower
03:48 Scout Tower
04:08 Arcane Vault
04:23 Guard Tower
04:28 Guard Tower
04:33 Keep
04:41 Guard Tower
05:04 Scout Tower
05:33 Guard Tower
06:10 Scout Tower
06:18 Scout Tower
06:19 Scout Tower
06:22 Scout Tower
06:22 Scout Tower
06:23 Scout Tower
06:40 Guard Tower
06:50 Guard Tower
07:01 Scout Tower
07:02 Scout Tower
07:06 Castle
07:17 Guard Tower
07:17 Guard Tower
07:43 Guard Tower
07:43 Guard Tower
08:00 Gryphon Aviary
10:32 Farm
10:35 Farm
10:35 Farm
10:36 Farm
10:55 Scout Tower
10:57 Scout Tower
10:59 Scout Tower
11:00 Scout Tower
11:01 Scout Tower
11:01 Scout Tower
11:03 Scout Tower
11:04 Scout Tower
11:31 Guard Tower
11:36 Guard Tower
12:03 Guard Tower
12:28 Guard Tower
12:29 Guard Tower
12:37 Guard Tower
13:05 Farm
13:13 Guard Tower
14:10 Blacksmith
15:29 Guard Tower
19:08 Town Hall
22:57 Scout Tower
22:59 Scout Tower
23:00 Scout Tower
23:01 Scout Tower
23:02 Scout Tower
23:03 Scout Tower
23:04 Scout Tower
23:05 Scout Tower
23:06 Scout Tower
23:06 Scout Tower
23:07 Scout Tower
23:08 Scout Tower
23:09 Scout Tower
23:10 Scout Tower
23:11 Scout Tower
23:11 Scout Tower
23:12 Scout Tower
23:13 Scout Tower
23:37 Lumber Mill
23:49 Guard Tower
24:28 Guard Tower
24:50 Guard Tower
24:56 Guard Tower
25:20 Guard Tower
25:20 Guard Tower
29:29 Scout Tower
29:33 Scout Tower
29:33 Scout Tower
29:34 Scout Tower
29:35 Scout Tower
29:37 Scout Tower
31:44 Lumber Mill
32:23 Town Hall
33:56 Scout Tower
33:57 Scout Tower
33:59 Scout Tower
33:59 Scout Tower
34:01 Scout Tower
34:02 Scout Tower
34:04 Scout Tower
34:04 Scout Tower
34:05 Scout Tower
34:06 Scout Tower
34:07 Scout Tower
34:08 Scout Tower
34:08 Scout Tower
36:07 Gryphon Aviary
36:10 Guard Tower
38:07 Guard Tower
40:59 Town Hall
42:07 Scout Tower
42:08 Scout Tower
42:09 Scout Tower
42:19 Scout Tower
42:20 Scout Tower
42:21 Scout Tower
42:22 Scout Tower
42:23 Scout Tower
42:24 Scout Tower
42:25 Scout Tower
42:26 Scout Tower
42:27 Scout Tower
42:28 Scout Tower
42:28 Scout Tower
42:30 Scout Tower
42:30 Scout Tower
42:31 Scout Tower
42:32 Scout Tower
42:34 Guard Tower
» items
| Boots of Speed | 2 | |
| Scroll of Regeneration | 12 | |
| Lesser Clarity Potion | 1 | |
| Mechanical Critter | 1 | |
| Potion of Healing | 9 | |
| Ivory Tower | 5 | |
| Orb of Fire | 1 | |
| Tome of Retraining | 1 | |
| Staff of Sanctuary | 1 | |
33 total
Chat log
(00:05 / All) Damn_SpiderRush: hey
(00:10 / All) 0423281517: hi
(00:12 / All) Damn_SpiderRush: sweet name
(00:21 / All) 0423281517: soso
(00:24 / All) Damn_SpiderRush: lol
(40:27 / All) 0423281517: FUCK YOU DD
(40:34 / All) Damn_SpiderRush: DD?
(40:42 / All) Damn_SpiderRush: who's that?